 Dungeon Crawl Stone Soup version 0.28-a0-425-gd0eccab798 (webtiles) character file.

Game seed: 11306678154608542677

259 Zenkrye the Chopper (level 6, 0/47 HPs)
             Began as a Formicid Abyssal Knight on Sept 9, 2021.
             Was a Believer of Lugonu.
             Slain by an iguana (10 damage)
             ... on level 7 of the Dungeon.
             The game lasted 00:09:52 (4358 turns).

Zenkrye the Chopper (Formicid Abyssal Knight)       Turns: 4358, Time: 00:09:53

Health: 0/47       AC:  6    Str: 18    XL:     6   Next: 40%
Magic:  9/9        EV:  9    Int: 12    God:    Lugonu [**....]
Gold:   160        SH:  0    Dex: 10    Spells: 5/5 levels left

rFire   . . .      SeeInvis +   t - +1 hand axe (vamp)
rCold   . . .      Faith    .   (no shield)
rNeg    . . .      Spirit   .   v - +0 scale mail
rPois   .          Reflect  .   (helmet unavailable)
rElec   .          Harm     .   (no cloak)
rCorr   +          Rampage  .   (no gloves)
Will    .....                   (no boots)
Stlth   ..........              (no amulet)
HPRegen 0.15/turn               r - ring of resist corrosion
MPRegen 0.11/turn               (no ring)

@: no status effects
A: permanent stasis, dig shafts and tunnels, antennae 3, four strong arms
a: Dig, Shaft Self, Renounce Religion, Depart the Abyss, Bend Space


You were on level 7 of the Dungeon.
You worshipped Lugonu.
Lugonu was pleased with you.
You visited 1 branch of the dungeon, and saw 5 of its levels.
You visited the Abyss 1 time.

You collected 160 gold pieces.

Inventory:

Hand Weapons
 a - a +1 hand axe
 t - a +1 vampiric hand axe (weapon)
 y - a +0 broad axe of flaming
Missiles
 g - 6 boomerangs (quivered)
 h - 40 sling bullets
 o - a throwing net {!f}
 q - 16 bolts
Armour
 b - a +0 leather armour
 l - a +0 ring mail
 v - a +0 scale mail (worn)
Magical Staves
 e - a staff of earth
Jewellery
 r - a ring of resist corrosion (left hand)
Wands
 s - a wand of iceblast (11) {@v4}
Scrolls
 c - a scroll of amnesia {unknown}
 p - a scroll of immolation
 x - a scroll of holy word
 A - 2 scrolls of enchant armour
Potions
 k - a potion of lignification
 m - a potion of flight
 z - a potion of brilliance


   Skills:
 - Level 3.3 Fighting
 * Level 5.2 Axes
 - Level 2.2 Armour
 - Level 0.9 Dodging
 + Level 4.5 Invocations


You had 5 spell levels left.
You didn't know any spells.
Your spell library contained the following spells:

 Spells                   Type           Power      Damage    Failure   Level
 Animate Skeleton         Necr           0%         N/A       71%         1
 Apportation              Tloc           0%         N/A       71%         1
 Summon Small Mammal      Summ           0%         N/A       71%         1
 Call Canine Familiar     Summ           0%         N/A       97%         3
 Portal Projectile        Hex/Tloc       0%         N/A       97%         3
 Leda's Liquefaction      Hex/Erth       0%         N/A       100%        4


Dungeon Overview and Level Annotations

Branches:
Dungeon (4/15)
 Temple: D:4-7

Altars:
Dithmenos
Gozag

Annotations:
D:3 Sigmund


Innate Abilities, Weirdness & Mutations

You cannot be hasted, slowed, berserked, paralysed or teleported.
You can dig through walls and to a lower floor.
You have a pair of large antennae on your head. (SInv)
Your four strong arms can wield two-handed weapons with a shield.


Message History

The gnoll is heavily wounded.
The gnoll hits you with a +0 club.
You hit the gnoll.
You feel better.
The gnoll is severely wounded.
The gnoll hits you with a +0 club.
You hit the gnoll.
You feel better.
You kill the gnoll!
Lugonu accepts your kill.
No target in view!
No target in view!
Items here: ( ) ? †.
Found a short sword.
You now have 160 gold pieces (gained 4).
Found an escape hatch in the floor.
You fall into a shaft and drop 3 floors!
The shaft crumbles and collapses.
Found a scroll labelled ATITHRI TORPHOFU.
c - a scroll labelled ATITHRI TORPHOFU An iguana comes into view.
The iguana hisses angrily.
You hit the iguana but do no damage. The iguana bites you.
You barely miss the iguana. The iguana bites you.
You closely miss the iguana. The iguana closely misses you.
The iguana bites you but does no damage.
You closely miss the iguana. The iguana bites you!
You barely miss the iguana. The iguana bites you!
You hit the iguana.
You feel better.
The iguana is lightly wounded.
The iguana bites you!
You are too injured to fight recklessly!
You are too injured to fight recklessly!
You are too injured to fight recklessly!
You closely miss the iguana.
The iguana is lightly wounded.
The iguana bites you!
* * * LOW HITPOINT WARNING * * *
You barely miss the iguana.
The iguana is lightly wounded.
The iguana bites you!
You die...

#.# #.#
#.# #.#
#.# #.#
#l# #@#
#.# #.#
#+# #.#
#.#
#.###.#
#.....#
#######


You could see an iguana.

Vanquished Creatures
  An iguana (D:3)
  2 orc wizards (D:3)
  6 gnolls
  5 adders
  2 worms
  A dart slug (D:2)
  4 orcs (D:3)
  7 endoplasms
  5 giant cockroaches
  5 hobgoblins
  3 jackals (D:1)
  4 kobolds
  A quokka (D:4)
  8 ball pythons
  7 bats
  2 frilled lizards
  2 goblins
  8 rats
73 creatures vanquished.

Notes
Turn   | Place    | Note
-------+----------+-------------------------------------------
     0 | Abyss:1  | Zenkrye the Formicid Abyssal Knight began the quest for the
                  | Orb.
     0 | Abyss:1  | Reached XP level 1. HP: 18/18 MP: 2/2
     8 | Abyss:1  | Found a corrupted altar of Lugonu.
    23 | Abyss:1  | Found a corrupted altar of Lugonu.
    72 | Abyss:1  | Noticed an earth elemental
    73 | D:1      | Escaped the Abyss
   284 | D:1      | Found a faded altar of an unknown god.
   669 | D:1      | Reached XP level 2. HP: 19/24 MP: 3/3
   681 | D:1      | Reached * piety under Lugonu
  1138 | D:2      | Reached XP level 3. HP: 12/29 MP: 3/5
  1339 | D:2      | Reached skill level 3 in Axes
  1381 | D:2      | Found an opulent altar of Gozag.
  1668 | D:2      | Reached XP level 4. HP: 24/35 MP: 6/6
  2171 | D:3      | Noticed Sigmund
  2828 | D:4      | Reached skill level 4 in Axes
  2828 | D:4      | Reached XP level 5. HP: 20/41 MP: 7/7
  3560 | D:3      | Found a shadowy altar of Dithmenos.
  3600 | D:3      | Reached ** piety under Lugonu
  3619 | D:3      | Reached XP level 6. HP: 29/47 MP: 9/9
  3628 | D:3      | Reached skill level 5 in Axes
  4339 | D:4      | You fall into a shaft and drop 3 floors!
  4358 | D:7      | Slain by an iguana

Illustrated notes

Levels and vault maps discovered:
D:1:      mushboom_english_gardens, layout_loops_corners,
          ebering_ecumenical_altar_box
D:2:      layout_rooms, basic_altar
D:3:      layout_loops_ring, mainiacjoe_overflow_alcove_4, uniq_sigmund
D:4:      layout_loops_ring
D:7:      layout_basic, nicolae_overflow_hidden_temple, serial_park_tiny_2,
          uniq_menkaure

Skill      XL: |  1  2  3  4  5  6 |
---------------+-------------------+-----
Axes           | 3 4 5 |  5.2
Invocations    | 3 4 |  4.5
Fighting       | |  3.3
Armour         | |  2.2
Dodging        | |  0.9

Action                   |  1- 3 |  4- 6 || total
-------------------------+-------+-------++-------
Melee: Hand axe          |    78 |   247 ||   325
Throw: Boomerang         |     5 |    25 ||    30
Invok: Depart the Abyss  |     1 |       ||     1
 Abil: Dig               |       |     1 ||     1
  Use: Potion            |     1 |     2 ||     3
       Scroll            |       |    13 ||    13
Armor: Leather armour    |    24 |       ||    24
       Ring mail         |     8 |    34 ||    42
       Scale mail        |       |    70 ||    70
Dodge: Dodged            |    55 |   136 ||   191

Table legend: (Time is in decaauts)
 A = Elapsed time spent in this place.
 B = Non-inter-level travel time spent in this place.
 C = Inter-level travel time spent in this place.
 D = Time resting spent in this place.
 E = Time spent auto-exploring this place.
 F = Levels seen in this place.
 G = Mean time per level.
                   A        B        C        D        E       F      G
               +--------+--------+--------+--------+--------+-----+--------+
         Total |   4403 |   4281 |    122 |    406 |   3019 |   6 |  733.8 |
       Dungeon |   4330 |   4208 |    122 |    406 |   2950 |   5 |  866.0 |
         Abyss |     73 |     73 |      0 |      0 |     69 |   1 |   73.0 |
               +--------+--------+--------+--------+--------+-----+--------+

Top non-repeatable levels by time:
     D:2: 1272 daAuts
     D:1: 1054 daAuts
     D:3: 1001 daAuts
     D:4: 983 daAuts
 Abyss:1: 73 daAuts
     D:7: 18 daAuts
